 Dungeon Crawl Stone Soup version 0.19-a0-1899-g2d93087 (webtiles) character file.

172 Ijustatesigmund the Conjurer (level 5, 0/29 HPs)
             Began as a Gargoyle Wizard on Oct 19, 2016.
             Killed by divine providence
             ... invoked by an orc priest
              (12 damage)
             ... on level 3 of the Dungeon.
             The game lasted 00:09:37 (2654 turns).

Ijustatesigmund the Conjurer (Gargoyle Wizard)      Turns: 2654, Time: 00:09:38

Health: 0/29       AC:  9    Str: 10    XL:     5   Next: 52%
Magic:  2/9        EV: 12    Int: 19    God:
Gold:   138        SH:  0    Dex:  9    Spells: 4 memorised, 2 levels left

rFire  . . .     SeeInvis .     e - +0 flail
rCold  . . .     Gourm    .     a - +0 robe
rNeg   + . .     Faith    .     (no shield)
rPois  ∞         Spirit   .     g - +1 helmet
rElec  +         Reflect  .     y - +0 cloak
rCorr  .         Harm     .     (no gloves)
MR     .....                    (no boots)
Stlth  ++........               (no amulet)
                                (no ring)
                                (no ring)

@: repel missiles
A: negative energy resistance 1, electricity resistance, unbreathing,
petrification resistance, rot immunity, AC +4
a: no special abilities


You were on level 3 of the Dungeon.
You were hungry.

You visited 1 branch of the dungeon, and saw 3 of its levels.

You collected 138 gold pieces.

Inventory:

Hand Weapons
 e - a +0 flail (weapon)
Armour
 a - a +0 robe (worn)
 g - a +1 helmet (worn)
 k - a +0 shield
 l - a +0 leather armour
 y - a +0 cloak (worn)
Wands
 t - a wand of teleportation (2/9)
Scrolls
 n - a scroll of enchant weapon {unknown}
 o - a scroll of amnesia {unknown}
 p - a scroll of fear {unknown}
 q - a scroll of teleportation {unknown}
 v - a scroll of remove curse {unknown}
Potions
 b - a potion of heal wounds {unknown}
 f - 2 potions of curing {unknown}
 m - a potion of cure mutation
 s - a potion of brilliance
 u - a potion of agility
 x - a potion of haste
Books
 c - a book of Minor Magic

   Spells                             Type                      Level
   a - Magic Dart                     Conjuration                  1
   b - Blink                          Translocation                2
   c - Call Imp                       Summoning                    2
   d - Repel Missiles                 Charms/Air                   2
   e - Slow                           Hexes                        2
   f - Conjure Flame                  Conjuration/Fire             3
   g - Mephitic Cloud                 Conjuration/Poison/Air       3
Comestibles
 d - 5 bread rations
 i - 3 fruits
 j - 6 meat rations
 r - a slice of pizza
 z - a royal jelly


   Skills:
 + Level 1.5 Fighting
 - Level 2.2 Maces & Flails
 - Level 1.5 Dodging
 - Level 2.1 Stealth
 - Level 3.0 Spellcasting
 - Level 3.1 Conjurations
   Level 0.8 Summonings
 - Level 0.8 Translocations
 + Level 1.4 Air Magic
 + Level 1.8 Poison Magic


You had 2 spell levels left.
You knew the following spells:

 Your Spells              Type           Power        Failure   Level  Hunger
a - Magic Dart            Conj           ##..         6%          1    None
b - Blink                 Tloc           N/A          17%         2    ##.....
c - Repel Missiles        Chrm/Air       #.....       21%         2    ##.....
d - Mephitic Cloud        Conj/Pois/Air  ##......     21%         3    ###....


Dungeon Overview and Level Annotations

Branches:
Dungeon (3/15)

Altars:

Annotations:
D:3 dobroeutro's ghost, amateur FoHu


Innate Abilities, Weirdness & Mutations

You are resistant to torment.
Your stone body is resilient. (AC +4)
You are immune to poison.
You resist negative energy. (rN+)
You are resistant to electric shocks. (rElec)
You can survive without breathing.
You are immune to petrification.
You are immune to rotting.


Message History

You barely miss the orc priest.
The orc priest is severely wounded.
The orc priest calls down the wrath of Beogh upon you.
Beogh smites you!
You hit the orc priest but do no damage.
The orc priest is severely wounded.
The orc priest mumbles some strange prayers to Beogh against you.
You are unaffected.
You barely miss the orc priest.
The orc priest is severely wounded.
The orc priest begins to cast a cantrip, but forgets the words!
You barely miss the orc priest.
The orc priest is severely wounded.
The orc priest misses you.
The orc priest hits you but does no damage.
You hit the orc priest.
The orc priest is almost dead.
The orc priest invokes the aid of Beogh against you.
Beogh smites you!
You die...

.##.# #.#
#.#..###........
##### ###.#
#.#..###...#####
# ...#
#.#...........
..#
#.#..###...##.#
#.# #.#.###....#
# ##.###.#.#
#...##
#......#.###...#
##
##.............#
.. #
###@###.####.##
## # #o# #.# #
#o# #.# # #o#
#.# # #o# #.# #
#.# #.####W ###
# #.# #.#.... ..
#<. ... # #..
######


You could see an orc priest and 3 orcs.

Vanquished Creatures
  Crazy Yiuf (D:2)
  Ijyb (D:2)
  Robin (D:2)
  3 gnolls
  An adder (D:3)
  A worm (D:3)
  A dart slug (D:2)
  6 leopard geckos
  3 orcs (D:3)
  5 bats
  5 giant cockroaches
  8 goblins
  9 hobgoblins
  A ball python (D:2)
  4 frilled lizards
  3 kobolds
  5 rats
58 creatures vanquished.

Notes
Turn   | Place    | Note
-------+----------+-------------------------------------------
     0 | D:1      | Ijustatesigmund the Gargoyle Wizard began the quest for the Orb.
     0 | D:1      | Reached XP level 1. HP: 10/10 MP: 4/4
   185 | D:1      | Reached XP level 2. HP: 15/15 MP: 3/6
   542 | D:1      | Learned a level 2 spell: Blink
   545 | D:1      | Learned a level 2 spell: Repel Missiles
   624 | D:2      | Found a faded altar of an unknown god.
   671 | D:2      | Reached skill level 1 in Maces & Flails
   719 | D:2      | Noticed Robin
   824 | D:3      | Reached XP level 3. HP: 12/19 MP: 5/7
  1242 | D:2      | Noticed Ijyb
  1273 | D:2      | Killed Ijyb
  1273 | D:2      | Reached XP level 4. HP: 8/24 MP: 0/8
  1278 | D:2      | Learned a level 3 spell: Mephitic Cloud
  1658 | D:2      | Killed Robin
  1930 | D:3      | Reached skill level 1 in Air Magic
  2015 | D:3      | Noticed dobroeutro's ghost (amateur FoHu)
  2044 | D:3      | Reached skill level 1 in Poison Magic
  2255 | D:1      | Reached skill level 1 in Fighting
  2255 | D:1      | Reached XP level 5. HP: 23/29 MP: 0/9
  2459 | D:2      | Found a runed door.
  2463 | D:2      | Noticed Crazy Yiuf
  2473 | D:2      | Killed Crazy Yiuf
  2654 | D:3      | Killed from afar by an orc priest

Vault maps used:
D:1:      dpeg_arrival_shrine
D:2:      ecumenical_altar_2, uniq_robin, uniq_iyjb, uniq_crazy_yiuf_cottage
D:3:      minmay_door_path, first_bread, serial_park_tiny_1

Skill      XL: |  1  2  3  4 |
---------------+-------------+-----
Conjurations   | 2 3 |  3.1
Maces & Flails | 1 2 |  2.2
Air Magic      | 1 |  1.4
Poison Magic   | 1 |  1.8
Fighting       | 1 |  1.5
Dodging        | |  1.5
Stealth        | |  2.1
Spellcasting   | |  3.0
Summonings     | |  0.8
Translocations | |  0.8

Action                   |  1- 3 |  4- 6 || total
-------------------------+-------+-------++-------
Melee: Mace              |    53 |    29 ||    82
       Flail             |       |    20 ||    20
 Cast: Magic Dart        |    67 |    77 ||   144
       Repel Missiles    |     1 |       ||     1
       Mephitic Cloud    |       |     1 ||     1
  Use: Scroll            |     2 |     4 ||     6
 Stab: Confused          |       |     1 ||     1
  Eat: Chunk             |     1 |     4 ||     5
Armor: Robe              |    28 |    25 ||    53
Dodge: Dodged            |    50 |    44 ||    94
